 Dungeon Crawl Stone Soup version 0.23.2-40-g277498a001 (webtiles) character file.

Game seed: 680143815346700195

223 Deathwalker the Slasher (level 6, 0/47 HPs)
             Began as a Human Warper on Aug 20, 2019.
             Slain by a black bear (6 damage)
             ... on level 3 of the Dungeon.
             The game lasted 00:21:48 (3409 turns).

Deathwalker the Slasher (Human Warper)              Turns: 3409, Time: 00:21:49

Health: 0/47       AC:  5    Str: 11    XL:     6   Next: 20%
Magic:  7/9        EV: 11    Int: 14    God:
Gold:   175        SH:  3    Dex: 14    Spells: 5/9 levels left

rFire    + . .     SeeInvis .   a - +2 dagger (speed) {7 huracanes sin tormenta}
rCold    x . .     Gourm    .   p - +0 buckler
rNeg     . . .     Faith    .   b - +0 leather armour
rPois    .         Spirit   .   w - +1 helmet
rElec    .         Reflect  .   (no cloak)
rCorr    .         Harm     .   (no gloves)
MR       .....                  (no boots)
Stlth    +.........             q - amulet of magic regeneration
HPRegen  0.15/turn              d - ring of fire
MPRegen  0.36/turn              (no ring)

@: shrouded
A: no striking features
a: no special abilities


You were on level 3 of the Dungeon.
You were hungry.

You visited 1 branch of the dungeon, and saw 3 of its levels.

You collected 175 gold pieces.

Inventory:

Hand Weapons
 a - a +2 dagger of speed (weapon) {7 huracanes sin tormenta}
 c - a +0 falchion
 s - a +0 hunting sling
 t - a +2 short sword of draining
 v - a +0 dagger
 y - a +0 dagger
Missiles
 e - 5 tomahawks of dispersal
 h - 30 bolts
 j - 21 sling bullets
 l - 75 stones
 n - 2 tomahawks of returning (quivered)
 A - 7 needles of frenzy
 B - 8 javelins
Armour
 b - a +0 leather armour (worn)
 p - a +0 buckler (worn)
 w - a +1 helmet (worn)
Jewellery
 d - a ring of fire (left hand)
 q - an amulet of magic regeneration (around neck)
 u - a cursed ring of teleportation {unknown}
Scrolls
 g - 2 scrolls of teleportation
 i - 2 scrolls of remove curse
 m - a scroll of enchant armour {unknown}
 r - 2 scrolls of identify {unknown}
 z - a scroll of fear {unknown}
Potions
 k - a potion of degeneration {unknown}
 o - a potion of curing {unknown}
 x - a potion of haste {unknown}
Comestibles
 f - 3 rations


   Skills:
 - Level 3.0 Fighting
 - Level 4.0 Long Blades
 - Level 3.0 Throwing
 - Level 1.0 Armour
 - Level 2.0 Dodging
 - Level 2.0 Spellcasting
 + Level 0.9 Charms
 * Level 3.4 Translocations


You had 5 spell levels left.
You knew the following spells:

 Your Spells              Type           Power        Failure   Level  Hunger
a - Blink                 Tloc           N/A          19%         2    ###....
b - Shroud of Golubria    Chrm/Tloc      #.........   32%         2    ###....

Your spell library contained the following spells:

 Spells                   Type           Power        Failure   Level  Hunger
 Gell's Gravitas          Tloc           ##........   36%         3    ####...
 Lesser Beckoning         Tloc           ##........   36%         3    ####...
 Teleport Other           Tloc           ##......     36%         3    ####...
 Passage of Golubria      Tloc           N/A          77%         4    #####..


Dungeon Overview and Level Annotations

Branches:
Dungeon (3/15)

Altars:
Fedhas

Annotations:
D:3 Sigmund


Message History

The black bear bites you but does no damage.
You block the black bear's attack. The black bear barely misses you.
Casting: Shroud of Golubria (safe; 32% risk of failure)
Confirm with . or Enter, or press ? or * to list all spells.
Space distorts slightly along a thin shroud covering your body.
The black bear misses you.
Your shroud bends the black bear's attack away. x2
Your shield and leather armour prevent you from hitting the black bear.
The black bear is almost dead.
The black bear bites you.
* * * LOW HITPOINT WARNING * * *
The black bear claws you.
* * * LOW HITPOINT WARNING * * *
You block the black bear's attack.
You hit the black bear.
The black bear is almost dead.
The black bear bites you but does no damage.
Your shroud bends the black bear's attack away.
The black bear claws you.
You die...

###...........(
######.#####.####.
#......# #.# ##
#.###### #.# #.#
#.# #.# #.# #.#
##.# #.# #..# #@#
#.## #h# #.# .K.
#.# ###†. #.# ...
#.## # ...> #..
..... ... # ......
#.# #.## #.# #.##


You could see a black bear (berserk) and a kobold.

Vanquished Creatures
  Jessica (D:3)
  A worker ant (D:2)
  Robin (D:2)
  6 adders
  An ooze (D:2)
  2 worms
  2 dart slugs
  2 leopard geckos
  5 orcs (D:3)
  A ball python (D:1)
  10 bats
  6 giant cockroaches
  12 goblins
  11 hobgoblins
  2 jackals (D:3)
  A quokka (D:2)
  6 frilled lizards
  8 kobolds
  6 rats
84 creatures vanquished.

Notes
Turn   | Place    | Note
-------+----------+-------------------------------------------
     0 | D:1      | Deathwalker the Human Warper began the quest for the Orb.
     0 | D:1      | Reached XP level 1. HP: 16/16 MP: 3/3
    90 | D:1      | Reached XP level 2. HP: 19/22 MP: 5/5
   104 | D:1      | Learned a level 2 spell: Blink
   107 | D:1      | Learned a level 2 spell: Shroud of Golubria
   740 | D:1      | Reached XP level 3. HP: 27/27 MP: 6/6
  1092 | D:2      | Reached skill level 3 in Long Blades
  1092 | D:2      | Reached XP level 4. HP: 21/34 MP: 4/7
  1899 | D:2      | Reached XP level 5. HP: 40/40 MP: 8/8
  2130 | D:2      | Noticed Robin
  2292 | D:2      | Killed Robin
  2292 | D:2      | Reached skill level 4 in Long Blades
  2510 | D:2      | Found a blossoming altar of Fedhas.
  3091 | D:3      | Noticed Jessica
  3103 | D:3      | Killed Jessica
  3103 | D:3      | Reached XP level 6. HP: 42/47 MP: 9/9
  3236 | D:3      | Noticed Sigmund
  3384 | D:3      | Noticed a black bear
  3409 | D:3      | Slain by a black bear

Skill      XL: |  1  2  3  4  5 |
---------------+----------------+-----
Long Blades    | 3 4 |  4.0
Throwing       | 2 3 |  3.0
Fighting       | 3 |  3.0
Armour         | |  1.0
Dodging        | |  2.0
Spellcasting   | |  2.0
Charms         | |  0.9
Translocations | |  3.4

Action                   |  1- 3 |  4- 6 || total
-------------------------+-------+-------++-------
Melee: Dagger            |    90 |   309 ||   399
       Falchion          |     3 |       ||     3
Throw: Stone             |       |    19 ||    19
       Tomahawk          |       |    23 ||    23
 Cast: Shroud of Golubri |     4 |     9 ||    13
       Blink             |       |     1 ||     1
  Use: Scroll            |     1 |     2 ||     3
  Eat: Chunk             |     1 |     8 ||     9
Armor: Leather armour    |    22 |    74 ||    96
Dodge: Dodged            |    50 |   194 ||   244
Block: Buckler           |     1 |    50 ||    51
